 Dungeon Crawl Stone Soup version 0.27-a0-1066-g29160eaed2 (webtiles) character file.

Game seed: 15226606632466065266

43 Conn the Firebug (level 3, -7/21 HPs)
             Began as an Octopode Fire Elementalist on Apr 24, 2021.
             Mangled by Sigmund
             ... wielding a +0 scythe
              (8 damage)
             ... on level 2 of the Dungeon.
             The game lasted 00:08:07 (1592 turns).

Conn the Firebug (Octopode Fire Elementalist)       Turns: 1592, Time: 00:08:08

Health: -7/21      AC:  3    Str:  7    XL:     3   Next: 58%
Magic:  0/6        EV: 13    Int: 18    God:
Gold:   49         SH:  0    Dex: 12    Spells: 2/6 levels left

rFire    . . .     SeeInvis .   (no weapon)
rCold    . . .     Faith    .   (no shield)
rNeg     . . .     Spirit   .   (helmet restricted)
rPois    .         Reflect  .   (no amulet)
rElec    .         Harm     .   (no ring)
rCorr    .         Rampage  .   (no ring)
Will     .....                  (no ring)
Stlth    +++.......             (no ring)
HPRegen  0.07/turn              (no ring)
MPRegen  0.10/turn              (no ring)
                                (no ring)
                                (no ring)

@: very slightly contaminated
A: almost no armour, amphibious, 8 rings, camouflage 1, gelatinous body 1,
(nimble swimmer 1), tentacles, antennae 1, iridescent scales 1
a: no special abilities


You were on level 2 of the Dungeon.
You visited 1 branch of the dungeon, and saw 2 of its levels.

You collected 49 gold pieces.

You aren't carrying anything.


   Skills:
 + Level 2.2 Dodging
 + Level 3.4 Stealth
 + Level 0.4 Unarmed Combat
 + Level 2.2 Spellcasting
 + Level 1.2 Conjurations
 + Level 3.7 Fire Magic


You had 2 spell levels left.
You knew the following spells:

 Your Spells              Type           Power      Damage    Failure   Level
a - Foxfire               Conj/Fire      40%        2x1d6     6%          1
b - Conjure Flame         Conj/Fire      10%        6-21      19%         3

Your spell library contained the following spells:

 Spells                   Type           Power      Damage    Failure   Level
 Inner Flame              Hex/Fire       8%         N/A       26%         3
 Sticky Flame             Conj/Fire      10%        2d3       54%         4
 Fireball                 Conj/Fire      5%         3d5       87%         5


Dungeon Overview and Level Annotations

Branches:
Dungeon (2/15)

Altars:

Shops:
D:2 !

Annotations:
D:2 Sigmund, Terence


Innate Abilities, Weirdness & Mutations

You cannot wear most types of armour.
You are amphibious.
You can wear up to eight rings at the same time.
Your skin changes colour to match your surroundings (Stealth+).
Your rubbery body absorbs attacks. (AC +1, EV +1)
((You are camouflaged near water. (Stealth+)))
You have tentacles for arms and can constrict up to eight enemies at once.
You have a pair of small antennae on your head.
You are partially covered in iridescent scales. (AC +2)


Message History

It was a potion of heal wounds.
You feel much better. Sigmund gestures at you while chanting.
The puff of flame hits you!
Ouch! That really hurt!
It was a potion of mutation.
You feel extremely strange.
Iridescent scales grow over part of your body.
A pair of antennae grows on your head!
You aren't carrying any scrolls.
Unknown command.
Unknown command.
Unknown command.
A hobgoblin comes into view.
Casting: Foxfire (safe; 6% risk of failure)
Confirm with . or Enter, or press ? or * to list all spells.
You conjure some foxfire!
Sigmund casts a spell at himself.
Sigmund flickers and vanishes!
Deactivating autopickup; reactivate with Ctrl-A.
The foxfire hits something. x2
You aren't carrying any potions.
Unknown command.
Casting: Foxfire (safe; 6% risk of failure)
Confirm with . or Enter, or press ? or * to list all spells.
You miscast Foxfire.
You are very lightly contaminated with residual magic.
Nothing appears to happen.
Something hits you but does no damage.
Casting: Foxfire (safe; 6% risk of failure)
Confirm with . or Enter, or press ? or * to list all spells.
Okay, then.
Unknown command.
Unknown command.
You hear some strange, mumbled words.
A puff of flame appears from out of thin air!
The puff of flame hits you.
* * * LOW HITPOINT WARNING * * *
You tentacle-slap something but do no damage.
The hobgoblin hits you.
* * * LOW HITPOINT WARNING * * *
Something hits you!
You die...

### ### #.###.#
#########.#<..#
#.@{g.......#.#
#g#########.#.#
#.# ####'#.###
#.#
#..@g....###
#.#
#...........
#.#
#...........
#.#
#...........
#..
####'#......
#.#......


You could see 2 hobgoblins.

Vanquished Creatures
  A dart slug (D:2)
  3 ball pythons (D:1)
  2 endoplasms (D:1)
  2 goblins
  4 hobgoblins (D:1)
  12 jackals
  3 kobolds
  A bat (D:1)
  5 frilled lizards
  3 rats
36 creatures vanquished.

Vanquished Creatures (others)
  109 foxfires
  A plant (D:1)
110 creatures vanquished.

Grand Total: 146 creatures vanquished

Notes
Turn   | Place    | Note
-------+----------+-------------------------------------------
     0 | D:1      | Conn the Octopode Fire Elementalist began the quest for the
                  | Orb.
     0 | D:1      | Reached XP level 1. HP: 11/11 MP: 3/3
   149 | D:1      | Reached XP level 2. HP: 11/17 MP: 0/5
   592 | D:1      | Found a faded altar of an unknown god.
   738 | D:1      | Reached XP level 3. HP: 21/21 MP: 4/6
  1058 | D:2      | Noticed Terence
  1066 | D:2      | Learned a level 3 spell: Conjure Flame
  1335 | D:2      | Found Limorghekk's Distillery.
  1451 | D:2      | Noticed Sigmund
  1582 | D:2      | Gained mutation: You are partially covered in iridescent
                  | scales. (AC +2) [potion of mutation]
  1582 | D:2      | Gained mutation: You have a pair of small antennae on your
                  | head. [potion of mutation]
  1592 | D:2      | HP: 1/21 [hobgoblin (2)]
  1592 | D:2      | Mangled by Sigmund

Illustrated notes

Levels and vault maps discovered:
D:1:      roderic_dead_forest, layout_basic, basic_ecumenical_altar,
          serial_bayou_pond_b
D:2:      layout_basic, serial_shops, shop, uniq_terence, uniq_sigmund

Skill      XL: |  1  2 |
---------------+-------+-----
Stealth        | 3 |  3.4
Dodging        | |  2.2
Unarmed Combat | |  0.4
Spellcasting   | |  2.2
Conjurations   | |  1.2
Fire Magic     | |  3.7

Action                   || total
-------------------------++-------
Melee: Unarmed           ||    19
       Constrict         ||     4
       Tentacles         ||     2
 Cast: Foxfire           ||    65
       Conjure Flame     ||     1
  Use: Scroll            ||     2
       Potion            ||     2
 Stab: Sleeping          ||     1
Armor: Skin              ||     6
Dodge: Dodged            ||    45

Table legend: (Time is in decaauts)
 A = Elapsed time spent in this place.
 B = Non-inter-level travel time spent in this place.
 C = Inter-level travel time spent in this place.
 D = Time resting spent in this place.
 E = Time spent auto-exploring this place.
 F = Levels seen in this place.
 G = Mean time per level.
                   A        B        C        D        E       F      G
               +--------+--------+--------+--------+--------+-----+--------+
         Total |   1593 |   1577 |     16 |    146 |    980 |   2 |  796.5 |
       Dungeon |   1593 |   1577 |     16 |    146 |    980 |   2 |  796.5 |
               +--------+--------+--------+--------+--------+-----+--------+

Top non-repeatable levels by time:
     D:1: 1246 daAuts
     D:2: 347 daAuts
